 Dungeon Crawl Stone Soup version 0.27.0-1-g7a089689b8 (webtiles) character file.

Game seed: 8386812944087160697

176 DocClef the Covert (level 5, 0/47 HPs)
             Began as a Gnoll Delver on Aug 1, 2021.
             Slain by an ogre (19 damage)
             ... on level 3 of the Dungeon.
             The game lasted 00:00:57 (731 turns).

DocClef the Covert (Gnoll Delver)                    Turns: 731, Time: 00:00:57

Health: 0/47       AC:  3    Str: 12    XL:     5   Next: 56%
Magic:  7/7        EV: 13    Int:  9    God:
Gold:   16         SH:  0    Dex: 14    Spells: 7/7 levels left

rFire    . . .     SeeInvis .   a - +0 short sword
rCold    . . .     Faith    .   (no shield)
rNeg     . . .     Spirit   .   b - +0 leather armour
rPois    .         Reflect  .   (no helmet)
rElec    .         Harm     .   (no cloak)
rCorr    .         Rampage  .   (no gloves)
Will     .....                  (no boots)
Stlth    ++++......             (no amulet)
HPRegen  0.15/turn              (no ring)
MPRegen  0.10/turn              (no ring)

@: no status effects
A: fangs 1, strong nose, distributed training
a: no special abilities


You were on level 3 of the Dungeon.
You visited 1 branch of the dungeon, and saw 3 of its levels.

You collected 16 gold pieces.

Inventory:

Hand Weapons
 a - a +0 short sword (weapon)
Armour
 b - a +0 leather armour (worn)
Wands
 g - a wand of digging (3)
Scrolls
 c - a scroll of fog
 d - a scroll of magic mapping
 e - a scroll of fear
 h - a scroll of identify {unknown}
 j - a scroll of holy word {unknown}
Potions
 f - a potion of haste
 i - a potion of magic {unknown}


   Skills:
 + Level 6.7 Fighting
 + Level 4.8 Short Blades
 + Level 1.5 Long Blades
 + Level 1.5 Axes
 + Level 1.5 Maces & Flails
 + Level 1.5 Polearms
 + Level 1.5 Staves
 + Level 1.5 Slings
 + Level 1.5 Bows
 + Level 1.5 Crossbows
 + Level 1.5 Throwing
 + Level 1.5 Armour
 + Level 4.8 Dodging
 + Level 9.6 Stealth
 + Level 1.5 Shields
 + Level 1.5 Unarmed Combat
 + Level 1.5 Spellcasting
 + Level 1.2 Conjurations
 + Level 1.2 Hexes
 + Level 1.2 Summonings
 + Level 1.2 Necromancy
 + Level 1.2 Translocations
 + Level 1.2 Transmutations
 + Level 1.2 Fire Magic
 + Level 1.2 Ice Magic
 + Level 1.2 Air Magic
 + Level 1.2 Earth Magic
 + Level 1.2 Poison Magic
 + Level 1.7 Invocations
 + Level 1.5 Evocations


You had 7 spell levels left.
You didn't know any spells.
Your spell library was empty.

Dungeon Overview and Level Annotations

Branches:
Dungeon (5/15)
 Temple: D:4-7

Altars:
Elyvilon
Sif Muna


Innate Abilities, Weirdness & Mutations

You have very sharp teeth.
Your uncanny sense of smell can sniff out nearby items.
Your experience applies equally to all skills.


Message History

The giant cockroach is almost dead.
The giant cockroach bites you but does no damage.
You hit the giant cockroach.
You kill the giant cockroach!
No target in view!
No target in view!
No target in view!
No target in view!
No target in view!
No target in view!
No target in view!
No target in view!
No target in view!
No target in view!
No target in view!
No target in view!
No target in view!
No target in view!
No target in view!
No target in view!
No target in view!
No target in view!
HP restored.
An ogre and a skeleton come into view.
There are monsters nearby!
There are monsters nearby!
There are monsters nearby!
An adder comes into view.
The ogre shouts!
The ogre hits you with a +0 giant club!
You barely miss the ogre. The ogre hits you with a +0 giant club!
There is an escape hatch in the ceiling here.
The ogre barely misses you. A mysterious force pulls you upwards.
The hatch slams shut behind you.
An orc comes into view. It is wielding a +0 hand axe.
Found a viscous brown potion.
A bat comes into view.
The ogre hits you with a +0 giant club!!
You die...

##.. ∆ #..
#.b ...# ...
#...# #.#
#.... #.#
#....####.#
+#........@#
....!....O.#
...........#
...........#
..........##
..........#
.o........#
..........#
..........#


You could see an ogre and a bat.

Vanquished Creatures
  A necrophage (D:4)
  A hound (D:4)
  An iguana (D:5)
  A hound zombie (D:5)
  2 adders
  A giant cockroach (D:4)
  A quokka (D:5)
8 creatures vanquished.

Notes
Turn   | Place    | Note
-------+----------+-------------------------------------------
     0 | D:5      | Reached skill level 9 in Stealth
     0 | D:5      | DocClef the Gnoll Delver began the quest for the Orb.
     0 | D:5      | Reached XP level 1. HP: 23/23 MP: 1/1
    20 | D:5      | Noticed an iguana
    34 | D:5      | Killed an iguana
    35 | D:5      | Reached XP level 2. HP: 29/29 MP: 2/2
    35 | D:5      | Reached XP level 3. HP: 35/35 MP: 3/3
    59 | D:5      | Found a large runed translucent door.
    60 | D:5      | Found a large runed translucent door.
    70 | D:5      | Found a white marble altar of Elyvilon.
    82 | D:5      | Found a shimmering blue altar of Sif Muna.
   101 | D:5      | Reached skill level 1 in Long Blades
   101 | D:5      | Reached skill level 1 in Axes
   101 | D:5      | Reached skill level 1 in Maces & Flails
   101 | D:5      | Reached skill level 1 in Polearms
   101 | D:5      | Reached skill level 1 in Staves
   101 | D:5      | Reached skill level 1 in Slings
   101 | D:5      | Reached skill level 1 in Bows
   101 | D:5      | Reached skill level 1 in Crossbows
   101 | D:5      | Reached skill level 1 in Throwing
   101 | D:5      | Reached skill level 1 in Armour
   101 | D:5      | Reached skill level 1 in Shields
   101 | D:5      | Reached skill level 1 in Unarmed Combat
   101 | D:5      | Reached skill level 1 in Spellcasting
   101 | D:5      | Reached skill level 1 in Invocations
   101 | D:5      | Reached skill level 1 in Evocations
   214 | D:5      | Noticed a phantom
   225 | D:4      | Reached XP level 4. HP: 41/41 MP: 5/5
   256 | D:4      | Reached skill level 1 in Conjurations
   256 | D:4      | Reached skill level 1 in Hexes
   256 | D:4      | Reached skill level 1 in Summonings
   256 | D:4      | Reached skill level 1 in Necromancy
   256 | D:4      | Reached skill level 1 in Translocations
   256 | D:4      | Reached skill level 1 in Transmutations
   256 | D:4      | Reached skill level 1 in Fire Magic
   256 | D:4      | Reached skill level 1 in Ice Magic
   256 | D:4      | Reached skill level 1 in Air Magic
   256 | D:4      | Reached skill level 1 in Earth Magic
   256 | D:4      | Reached skill level 1 in Poison Magic
   443 | D:4      | Noticed a necrophage
   472 | D:4      | Killed a necrophage
   473 | D:4      | Reached XP level 5. HP: 12/47 MP: 5/7
   709 | D:4      | Noticed an ogre
   731 | D:3      | Slain by an ogre

Illustrated notes

Levels and vault maps discovered:
D:3:      layout_basic, serial_shops, shop, shop, shop, shop, minmay_unequal,
          uniq_terence, uniq_robin
D:4:      layout_basic, grunt_gozag_breadcrumbs, kennysheep_okawaru_gauntlet
D:5:      layout_basic, jmf_multi_god_temple2,
          nicolae_uskayaw_murder_on_the_dancefloor, cheibrodos_ashenzari_chains,
          minmay_misc_feat_more_columns, hex_medium

Skill      XL: |  1  2  3  4 |
---------------+-------------+-----
Stealth        | |  9.6
Long Blades    | 1 |  1.5
Axes           | 1 |  1.5
Maces & Flails | 1 |  1.5
Polearms       | 1 |  1.5
Staves         | 1 |  1.5
Slings         | 1 |  1.5
Bows           | 1 |  1.5
Crossbows      | 1 |  1.5
Throwing       | 1 |  1.5
Armour         | 1 |  1.5
Shields        | 1 |  1.5
Unarmed Combat | 1 |  1.5
Spellcasting   | 1 |  1.5
Invocations    | 1 |  1.7
Evocations     | 1 |  1.5
Conjurations   | 1 |  1.2
Hexes          | 1 |  1.2
Summonings     | 1 |  1.2
Necromancy     | 1 |  1.2
Translocations | 1 |  1.2
Transmutations | 1 |  1.2
Fire Magic     | 1 |  1.2
Ice Magic      | 1 |  1.2
Air Magic      | 1 |  1.2
Earth Magic    | 1 |  1.2
Poison Magic   | 1 |  1.2
Fighting       | |  6.7
Short Blades   | |  4.8
Dodging        | |  4.8

Action                   |  1- 3 |  4- 6 || total
-------------------------+-------+-------++-------
Melee: Short sword       |    30 |    38 ||    68
       Bite              |     4 |     2 ||     6
 Stab: Sleeping          |     3 |       ||     3
Armor: Leather armour    |     8 |     5 ||    13
Dodge: Dodged            |    16 |    18 ||    34
